 Dungeon Sprint DCSS version 0.30.1-4-g462c640d31 (webtiles) character file.

Game seed: 5756756609681332735

708 Heoruswealwe the Grappler (level 7, -5/78 HPs)
             Began as a Troll Berserker on Sept 5, 2023.
             Was a Priest of Trog.
             Slain by a sixfirhy (9 damage)
             ... summoned by a kobold demonologist
             ... in the Dungeon (Sprint I: "Red Sonja").
             The game lasted 00:04:10 (187 turns).

Heoruswealwe the Grappler (Troll Berserker)          Turns: 187, Time: 00:04:13

Health: -5/78      AC:  4    Str: 28    XL:     7   Next: 40%
Magic:  11/11      EV: 11    Int:  3    God:    Trog [***...]
Gold:   459        SH:  0    Dex:  9    Spells: 6/6 levels left

rFire   . .          .
                       - Unarmed
rCold   . . .        (no shield)
rNeg    . . .        a - +0 animal skin
rPois   .            (helmet restricted)
rElec   .            (no cloak)
rCorr   .            (gloves unavailable)
SInv    .            (boots unavailable)
Will    .....        (no amulet)
Stlth   +            (no ring)
HPRegen 1.13/turn    (no ring)
MPRegen 0.12/turn

%: no teleportation
@: no status effects
A: large, unfitting armour, claws 3, regeneration 1, shaggy fur 1, tough skin 1
a: Renounce Religion, Berserk, Trog's Hand


You were in the Dungeon.
You worshipped Trog.
Trog was most pleased with you.
You visited 1 branch You collected 459 gold pieces.

Inventory:

Armour
 a - a +0 animal skin (worn)
Jewellery
 e - the necklace of Bloodlust {Fury *Rage Will++ Int-3 Slay+6}
   (You found it in the Dungeon)

   [amulet of nothing]

   Fury:      It extends the wearer's berserk rage when killing foes.
   Int:       It affects your intelligence (-3).
   Slay:      It affects your accuracy & damage with ranged weapons and melee
   (+6).
   *Rage:     It berserks you when you make melee attacks (+50% chance).
   Will:      It greatly increases your willpower.
Wands
 h - a wand of digging (5)
Scrolls
 f - a scroll of brand weapon {unknown}
 g - a scroll of blinking
Potions
 b - a potion of curing
 d - a potion of haste


   Skills:
 + Level 7.3 Fighting
 + Level 7.3 Dodging
 + Level 8.7 Unarmed Combat
 + Level 7.4 Invocations


You had 6 spell levels left.
You didn't know any spells.
Your spell library was empty.

Dungeon Overview and Level Annotations

Branches:
Dungeon (1/1)

Altars:
Cheibriados
Dithmenos
Elyvilon
Fedhas
Gozag
Hepliaklqana
Kikubaaqudgha
Makhleb
Nemelex Xobeh
Okawaru
Qazlal
Ru
Sif Muna
Trog
Uskayaw
Vehumet
Wu Jian
Xom
Yredelemnul
Zin
The Shining One
Jiyva
Lugonu

Shops:
D !


Innate Abilities, Weirdness & Mutations

You are too large for most types of armour.
You have claws for hands.
Your natural rate of healing is unusually fast.
You are covered in fur. (AC +1)
You have tough skin. (AC +1)


Message History

A kobold demonologist comes into view. It is wielding a +0 dagger.
The floating eye's stare focuses on you.
The kobold demonologist looks braver for a moment.
You mangle the floating eye!!
You kill the floating eye!
Trog accepts your kill.
The kobold demonologist mumbles some strange words.
The kobold demonologist looks encouraged for a moment.
The sixfirhy hits you! The sixfirhy shocks you!
The kobold demonologist hits you with a +0 dagger.
The kobold demonologist gestures wildly while chanting.
There is an open door, spattered with blood here.
You claw the kobold demonologist!
The kobold demonologist is moderately wounded.
The kobold demonologist mumbles some strange words.
The kobold demonologist hits you but does no damage.
You closely miss the kobold demonologist.
You claw the kobold demonologist, but do no damage.
The kobold demonologist is moderately wounded.
The kobold demonologist barely misses you. x2
You barely miss the kobold demonologist.
The kobold demonologist is moderately wounded.
The sixfirhy hits you! The sixfirhy shocks you! The sixfirhy hits you!
The sixfirhy shocks you!
* * * LOW HITPOINT WARNING * * *
The iron imp completely misses you. The sixfirhy hits you!
* * * LOW HITPOINT WARNING * * *
The sixfirhy shocks you!
* * * LOW HITPOINT WARNING * * *
The kobold demonologist completely misses you.
The kobold demonologist hits you with a +0 dagger.
* * * LOW HITPOINT WARNING * * *
You feel much better. The sixfirhy hits you.
* * * LOW HITPOINT WARNING * * *
The sixfirhy shocks you!
* * * LOW HITPOINT WARNING * * *
The sixfirhy hits you!
* * * LOW HITPOINT WARNING * * *
The sixfirhy shocks you!
You die...

#####################
.)..#..'..#__#.5@K3.#
.#..').#..'..'.3#K5.#
###'#####'#__####...+
##..#...#.#### ####
_####..##(#
____##'#_.+
.∩...'..._#
..__##_.#'#
____###+#.#


You could see 2 kobold demonologists, a sixfirhy (summoned), a ynoxinul
(summoned), an iron imp (summoned) and a shadow imp (summoned).

Vanquished Creatures
  A slime creature (D)
  Sigmund (D)
  A yak (D)
  A floating eye (D)
  An ogre (D)
  A jelly (D)
  Ijyb (D)
7 creatures vanquished.

Notes
Turn   | Place    | Note
-------+----------+-------------------------------------------
     0 | D        | Heoruswealwe the Troll Berserker began the quest for the
                  | Orb.
     0 | D        | Reached XP level 1. HP: 22/22 MP: 0/0
     1 | D        | Noticed Ijyb
     9 | D        | Killed Ijyb
    10 | D        | Reached skill level 4 in Unarmed Combat
    10 | D        | Reached XP level 2. HP: 31/31 MP: 0/2
    35 | D        | Noticed an ogre
    38 | D        | Killed an ogre
    39 | D        | Reached skill level 5 in Unarmed Combat
    39 | D        | Reached XP level 3. HP: 40/40 MP: 2/4
    39 | D        | Reached XP level 4. HP: 49/49 MP: 2/5
    64 | D        | Noticed Sigmund
    68 | D        | Killed Sigmund
    68 | D        | Reached ** piety under Trog
    69 | D        | Reached skill level 5 in Fighting
    69 | D        | Reached skill level 5 in Dodging
    69 | D        | Reached skill level 6 in Unarmed Combat
    69 | D        | Reached skill level 5 in Invocations
    69 | D        | Reached XP level 5. HP: 49/59 MP: 5/8
    81 | D        | Found an ornate altar of the Wu Jian Council.
    81 | D        | Found a shimmering blue altar of Sif Muna.
    81 | D        | Found the necklace of Bloodlust {Fury *Rage Will++ Int-3
                  | Slay+6}
    83 | D        | Found a radiant altar of Vehumet.
    86 | D        | Reached skill level 7 in Unarmed Combat
    86 | D        | Reached XP level 6. HP: 67/67 MP: 7/9
   112 | D        | Found Usuer's Distillery.
   112 | D        | Found an ancient bone altar of Kikubaaqudgha.
   112 | D        | Found a hazy altar of Hepliaklqana.
   112 | D        | Found a stormy altar of Qazlal.
   112 | D        | Found a hide-covered altar of Uskayaw.
   112 | D        | Found a blossoming altar of Fedhas.
   112 | D        | Found a bloodstained altar of Trog.
   112 | D        | Found an iron altar of Okawaru.
   112 | D        | Found a basalt altar of Yredelemnul.
   112 | D        | Found a glowing golden altar of the Shining One.
   112 | D        | Found a snail-covered altar of Cheibriados.
   112 | D        | Found a sacrificial altar of Ru.
   112 | D        | Found a glowing silver altar of Zin.
   112 | D        | Found a shadowy altar of Dithmenos.
   112 | D        | Found a white marble altar of Elyvilon.
   112 | D        | Noticed a yak
   120 | D        | Killed a yak
   121 | D        | Found an opulent altar of Gozag.
   122 | D        | Found a sparkling altar of Nemelex Xobeh.
   144 | D        | Found a burning altar of Makhleb.
   144 | D        | Found a viscous altar of Jiyva.
   144 | D        | Found a shimmering altar of Xom.
   144 | D        | Found a corrupted altar of Lugonu.
   144 | D        | Noticed a slime creature
   150 | D        | Killed a slime creature
   150 | D        | Reached *** piety under Trog
   151 | D        | Reached skill level 8 in Unarmed Combat
   151 | D        | Reached XP level 7. HP: 61/78 MP: 9/11
   179 | D        | Noticed a kobold demonologist
   179 | D        | Noticed a kobold demonologist
   183 | D        | Noticed a sixfirhy
   184 | D        | Noticed a ynoxinul
   186 | D        | HP: 2/78 [kobold demonologist/+0 dagger (4)]
   187 | D        | Slain by a sixfirhy

Illustrated notes

Levels and vault maps discovered:
D:        dungeon_sprint_1 [red_sonja_temple_1, red_sonja_temple_small_1]

Skill      XL: |  1  2  3  4  5  6 |
---------------+-------------------+-----
Fighting       | 3 4 5 7 |  7.3
Dodging        | 3 4 5 7 |  7.3
Unarmed Combat | 4 5 6 7 8 |  8.7
Invocations    | 2 3 5 7 |  7.4

Action                     |  1- 3 |  4- 6 |  7- 9 || total
---------------------------+-------+-------+-------++-------
  Melee: Unarmed           |     9 |    16 |     4 ||    29
         Punch             |       |     1 |     1 ||     2
  Evoke: Wand              |     1 |       |       ||     1
    Use: Potion            |     1 |       |     1 ||     2
 Armour: Animal skin       |       |     1 |     1 ||     2
  Dodge: Dodged            |     2 |     5 |     4 ||    11
